| TOP OF THE 1ST |
|
Oakland Athletics batting - Pitching for Arizona Diamondbacks : RHP Floyd Youmans
|
|
Pitching: RHP Floyd Youmans
|
|
|
Batting: RHB Rickey Henderson
|
0-0: Called Strike 0-1: Ball 1-1: Ground out U3 (Groundball, 3, EV 87.5 MPH)
|
|
Batting: SHB Geronimo Pena
|
0-0: Ball 1-0: DOUBLE (Line Drive, 78XD, EV 113.1 MPH)
|
|
Batting: LHB John Olerud
|
0-0: Foul Ball, location: 2F 0-1: Swinging Strike 0-2: Ball 1-2: Foul Ball, location: 2F 1-2: Ball 2-2: Ball 3-2: Fly out, F1 (Line Drive, P, EV 70.6 MPH)
|
|
Batting: RHB Jay Buhner
|
0-0: Ball 1-0: Foul Ball, location: 2F 1-1: Foul Ball, location: 2F 1-2: Foul Ball, location: 2F 1-2: Strikes out swinging
|
| Top of the 1st over - 0 runs, 1 hit, 0 errors, 1 left on base; Oakland 0 - Arizona 0 |
| BOTTOM OF THE 1ST |
|
Arizona Diamondbacks batting - Pitching for Oakland Athletics : RHP John Mitchell
|
|
Pitching: RHP John Mitchell
|
|
|
Batting: LHB Delino DeShields
|
0-0: Ball 1-0: Ball 2-0: Ground out 4-3 (Groundball, 4, EV 100.6 MPH)
|
|
Batting: RHB Lance Blankenship
|
0-0: Ball 1-0: Foul Ball, location: 2F 1-1: Called Strike 1-2: Hit by Pitch
|
|
Batting: RHB Moises Alou
|
0-0: Ball 1-0: Fly out, F9 (Flyball, 8RS, EV 90.0 MPH)
|
|
Batting: RHB Bobby M Estalella
|
0-0: Ball 1-0: Foul Ball, location: 2F 1-1: Ball 2-1: Fly out, F8 (Flyball, 8LS, EV 81.9 MPH)
|
| Bottom of the 1st over - 0 runs, 0 hits, 0 errors, 1 left on base; Oakland 0 - Arizona 0 |
| TOP OF THE 2ND |
|
Oakland Athletics batting - Pitching for Arizona Diamondbacks : RHP Floyd Youmans
|
|
Batting: RHB Herbert Perry
|
0-0: Ball 1-0: Fly out, F9 (Flyball, 9LSF, EV 97.5 MPH)
|
|
Batting: RHB Benito Santiago
|
0-0: Foul Ball, location: 2F 0-1: Foul Ball, location: 2F 0-2: Strikes out swinging
|
|
Batting: SHB Devon White
|
0-0: Called Strike 0-1: Foul Ball, location: 2F 0-2: Ball 1-2: Strikes out looking
|
| Top of the 2nd over - 0 runs, 0 hits, 0 errors, 0 left on base; Oakland 0 - Arizona 0 |
| BOTTOM OF THE 2ND |
|
Arizona Diamondbacks batting - Pitching for Oakland Athletics : RHP John Mitchell
|
|
Batting: LHB Mike Greenwell
|
0-0: Called Strike 0-1: Ball 1-1: Swinging Strike 1-2: Strikes out swinging
|
|
Batting: LHB Mark Grace
|
0-0: Ball 1-0: Ball 2-0: Foul Ball, location: 2F 2-1: Ball 3-1: Foul Ball, location: 2F 3-2: Foul Ball, location: 2F 3-2: Base on Balls
|
|
Batting: LHB Robin Ventura
|
0-0: Ball 1-0: Ball 2-0: Called Strike 2-1: Grounds into double play, 4-6-3 (Groundball, 34D, EV 101.3 MPH)
|
| Bottom of the 2nd over - 0 runs, 0 hits, 0 errors, 0 left on base; Oakland 0 - Arizona 0 |
| TOP OF THE 3RD |
|
Oakland Athletics batting - Pitching for Arizona Diamondbacks : RHP Floyd Youmans
|
|
Batting: SHB Chuck Carr
|
0-0: Ball 1-0: Called Strike 1-1: Swinging Strike 1-2: SINGLE (Popup, 34D, EV 48.8 MPH)
|
|
Batting: RHB Benji Gil
|
0-0: Ball 1-0: Bunt missed! 1-1: Ball 2-1: Bunt missed! 2-2: Ball 3-2: Fielders Choice at 2nd, 6-4 (Groundball, 6M, EV 88.1 MPH)
|
|
Batting: RHB Rickey Henderson
|
0-0: Ball 1-0: Called Strike 1-1: Fly out, F8 (Flyball, 8RM, EV 88.8 MPH)
|
|
Batting: SHB Geronimo Pena
|
0-0: Ball Benji Gil steals 2nd base 1-0: Ball 2-0: Ball 3-0: Called Strike 3-1: Base on Balls
|
|
Batting: LHB John Olerud
|
0-0: Foul Ball, location: 2F 0-1: Called Strike 0-2: Strikes out swinging
|
| Top of the 3rd over - 0 runs, 1 hit, 0 errors, 2 left on base; Oakland 0 - Arizona 0 |
| BOTTOM OF THE 3RD |
|
Arizona Diamondbacks batting - Pitching for Oakland Athletics : RHP John Mitchell
|
|
Batting: RHB Butch Huskey
|
0-0: Ball 1-0: Ball 2-0: Foul Ball, location: 2F 2-1: Ground out 3-1 (Groundball, 34, EV 84.4 MPH)
|
|
Batting: RHB Mike Bordick
|
0-0: Ball 1-0: Called Strike 1-1: Ball 2-1: Foul Ball, location: 2F 2-2: Ground out 4-3 (Groundball, 4, EV 86.9 MPH)
|
|
Batting: LHB Delino DeShields
|
0-0: Foul Ball, location: 2F 0-1: Ball 1-1: Called Strike 1-2: Ball 2-2: Ball 3-2: Ground out 6-3 (Groundball, 6, EV 97.5 MPH)
|
| Bottom of the 3rd over - 0 runs, 0 hits, 0 errors, 0 left on base; Oakland 0 - Arizona 0 |
| TOP OF THE 4TH |
|
Oakland Athletics batting - Pitching for Arizona Diamondbacks : RHP Floyd Youmans
|
|
Batting: RHB Jay Buhner
|
0-0: Swinging Strike 0-1: Called Strike 0-2: Ball 1-2: SOLO HOME RUN (Flyball, 7D, EV 103.1 MPH), Distance : 371 ft
|
|
Batting: RHB Herbert Perry
|
0-0: Foul Ball, location: 2F 0-1: Ball 1-1: Swinging Strike 1-2: Ball 2-2: Ball 3-2: Foul Ball, location: 2F 3-2: Base on Balls
|
|
Batting: RHB Benito Santiago
|
0-0: Fly out, F7 (Flyball, 78S, EV 88.8 MPH)
|
|
Batting: SHB Devon White
|
0-0: Foul Ball, location: 2F 0-1: Swinging Strike 0-2: Foul Ball, location: 2F 0-2: Strikes out swinging
|
|
Batting: SHB Chuck Carr
|
0-0: Ball 1-0: Ground out U3 (Groundball, 3, EV 77.5 MPH)
|
| Top of the 4th over - 1 run, 1 hit, 0 errors, 1 left on base; Oakland 1 - Arizona 0 |
| BOTTOM OF THE 4TH |
|
Arizona Diamondbacks batting - Pitching for Oakland Athletics : RHP John Mitchell
|
|
Batting: RHB Lance Blankenship
|
0-0: Swinging Strike 0-1: Swinging Strike 0-2: Ball 1-2: Strikes out swinging
|
|
Batting: RHB Moises Alou
|
0-0: Ball 1-0: Called Strike 1-1: Ball 2-1: Hit by Pitch
|
|
Batting: RHB Bobby M Estalella
|
0-0: Ball 1-0: Ball 2-0: Called Strike 2-1: Grounds into double play, 6-4-3 (Groundball, 6, EV 109.4 MPH)
|
| Bottom of the 4th over - 0 runs, 0 hits, 0 errors, 0 left on base; Oakland 1 - Arizona 0 |
| TOP OF THE 5TH |
|
Oakland Athletics batting - Pitching for Arizona Diamondbacks : RHP Floyd Youmans
|
|
Batting: RHB Benji Gil
|
0-0: Called Strike 0-1: Foul Ball, location: 2F 0-2: Ball 1-2: Ball 2-2: Foul Ball, location: 2F 2-2: Ball 3-2: Foul Ball, location: 2F 3-2: Strikes out looking
|
|
Batting: RHB Rickey Henderson
|
0-0: Ball 1-0: Called Strike 1-1: Ball 2-1: Ball 3-1: Base on Balls
|
|
Batting: SHB Geronimo Pena
|
0-0: Called Strike Rickey Henderson steals 2nd base (no throw) 0-1: Ball 1-1: Foul Ball, location: 2F 1-2: Strikes out swinging
|
|
Batting: LHB John Olerud
|
0-0: Ball 1-0: Called Strike 1-1: Ball 2-1: Foul Ball, location: 2F 2-2: Foul Ball, location: 2F 2-2: Ball 3-2: Foul Ball, location: 2F 3-2: Foul Ball, location: 2F 3-2: Base on Balls
|
|
Batting: RHB Jay Buhner
|
0-0: Swinging Strike 0-1: Ball 1-1: Foul Ball, location: 2F 1-2: Foul Ball, location: 2F 1-2: Ball 2-2: Strikes out swinging
|
| Top of the 5th over - 0 runs, 0 hits, 0 errors, 2 left on base; Oakland 1 - Arizona 0 |
| BOTTOM OF THE 5TH |
|
Arizona Diamondbacks batting - Pitching for Oakland Athletics : RHP John Mitchell
|
|
Batting: LHB Mike Greenwell
|
0-0: Ball 1-0: Called Strike 1-1: Ball 2-1: Foul Ball, location: 2F 2-2: Foul Ball, location: 2F 2-2: Foul Ball, location: 2F 2-2: Foul Ball, location: 2F 2-2: Ball 3-2: Foul Ball, location: 2F 3-2: Ground out 6-3 (Groundball, 6, EV 86.3 MPH)
|
|
Batting: LHB Mark Grace
|
0-0: Foul Ball, location: 2F 0-1: Ball 1-1: Fly out, F6 (Line Drive, 6, EV 75.6 MPH)
|
|
Batting: LHB Robin Ventura
|
0-0: Swinging Strike 0-1: Ball 1-1: Ball 2-1: Ball 3-1: Called Strike 3-2: Foul Ball, location: 2F 3-2: Foul Ball, location: 2F 3-2: Base on Balls
|
|
Batting: RHB Butch Huskey
|
Pickoff Throw to First - Error! E1 Robin Ventura to second 0-0: Ball 1-0: SINGLE (Flyball, 9LM, EV 93.1 MPH) Robin Ventura to third Runner from 3rd tries for Home, SAFE, throw by RF to home
|
|
Batting: RHB Mike Bordick
|
0-0: Called Strike 0-1: Ball 1-1: Swinging Strike 1-2: Fly out, F9 (Flyball, 9LMF, EV 81.9 MPH)
|
| Bottom of the 5th over - 1 run, 1 hit, 1 error, 1 left on base; Oakland 1 - Arizona 1 |
| TOP OF THE 6TH |
|
Oakland Athletics batting - Pitching for Arizona Diamondbacks : RHP Floyd Youmans
|
|
Batting: RHB Herbert Perry
|
0-0: Ball 1-0: Ball 2-0: SINGLE (Line Drive, 8LS, EV 89.4 MPH)
|
|
Batting: RHB Benito Santiago
|
0-0: Ball 1-0: Ball 2-0: Swinging Strike 2-1: Ball 3-1: Foul Ball, location: 2F 3-2: Base on Balls Herbert Perry to second
|
|
Batting: SHB Devon White
|
0-0: Foul Ball, location: 2F 0-1: Ball 1-1: 3-RUN HOME RUN (Flyball, 9D, EV 93.8 MPH), Distance : 360 ft
|
|
Batting: SHB Chuck Carr
|
0-0: Ground out 3-1 (Groundball, 34, EV 95.6 MPH)
|
|
Batting: RHB Benji Gil
|
0-0: Called Strike 0-1: Ball 1-1: Ground out 6-3 (Groundball, 6, EV 92.5 MPH)
|
|
Batting: RHB Rickey Henderson
|
0-0: Fly out, F7 (Flyball, 78D, EV 99.4 MPH)
|
| Top of the 6th over - 3 runs, 2 hits, 0 errors, 0 left on base; Oakland 4 - Arizona 1 |
| BOTTOM OF THE 6TH |
|
Arizona Diamondbacks batting - Pitching for Oakland Athletics : RHP John Mitchell
|
|
Batting: LHB Delino DeShields
|
0-0: Ball 1-0: Ball 2-0: Swinging Strike 2-1: Ball 3-1: Foul Ball, location: 2F 3-2: TRIPLE (Line Drive, 78XD, EV 113.1 MPH)
|
|
Batting: RHB Lance Blankenship
|
0-0: Foul Ball, location: 2F 0-1: Called Strike 0-2: Foul Ball, location: 2F 0-2: Ball 1-2: Fly out, F9 (Flyball, 89S, EV 78.8 MPH) Runner from 3rd tags up, SCORES, throw by RF
|
|
Batting: RHB Moises Alou
|
0-0: Foul Ball, location: 2F 0-1: Foul Ball, location: 2F 0-2: Ball 1-2: Ball 2-2: Foul Ball, location: 2F 2-2: Foul Ball, location: 2F 2-2: Ball 3-2: Base on Balls
|
|
Pitching: RHP William VanLandingham
|
|
|
Batting: RHB Bobby M Estalella
|
0-0: Ball 1-0: Called Strike 1-1: 2-RUN HOME RUN (Flyball, 7LD, EV 95.0 MPH), Distance : 358 ft
|
|
Batting: LHB Mike Greenwell
|
0-0: SINGLE (Line Drive, 9S, EV 91.9 MPH)
|
|
Batting: LHB Mark Grace
|
0-0: Ground out 1-3 (Groundball, 13, EV 85.6 MPH) Mike Greenwell to second
|
|
Batting: LHB Robin Ventura
|
0-0: Fly out, F6 (Line Drive, 6, EV 69.4 MPH)
|
| Bottom of the 6th over - 3 runs, 3 hits, 0 errors, 1 left on base; Oakland 4 - Arizona 4 |
| TOP OF THE 7TH |
|
Oakland Athletics batting - Pitching for Arizona Diamondbacks : RHP Floyd Youmans
|
|
Batting: SHB Geronimo Pena
|
0-0: Ball 1-0: Ball 2-0: Called Strike 2-1: Ball 3-1: Foul Ball, location: 2F 3-2: Strikes out swinging
|
|
Pitching: LHP Pedro Martinez
|
|
|
Batting: LHB John Olerud
|
0-0: Ball 1-0: Foul Ball, location: 2F 1-1: Ball 2-1: Ball 3-1: Called Strike 3-2: Base on Balls
|
|
Batting: RHB Jay Buhner
|
0-0: Called Strike 0-1: Foul Ball, location: 2F 0-2: Strikes out swinging
|
|
Batting: RHB Herbert Perry
|
0-0: SINGLE (Groundball, 4MD, EV 98.1 MPH) John Olerud to second Runner from 2nd tries for 3rd, SAFE, throw by CF made to third
|
|
Batting: RHB Benito Santiago
|
0-0: Ball 1-0: Ball 2-0: Foul Ball, location: 2F 2-1: Foul Ball, location: 2F 2-2: Foul Ball, location: 2F 2-2: Ball 3-2: Foul Ball, location: 2F 3-2: SINGLE (Line Drive, 89M, EV 103.1 MPH) John Olerud scores Herbert Perry to second Herbert Perry to third
|
|
Batting: SHB Devon White
|
0-0: Called Strike 0-1: Ball 1-1: Ball 2-1: Ball 3-1: Base on Balls Benito Santiago to second
|
|
Batting: SHB Chuck Carr
|
0-0: Ball 1-0: Called Strike 1-1: Swinging Strike 1-2: Strikes out swinging
|
| Top of the 7th over - 1 run, 2 hits, 0 errors, 3 left on base; Oakland 5 - Arizona 4 |
| BOTTOM OF THE 7TH |
|
Arizona Diamondbacks batting - Pitching for Oakland Athletics : RHP William VanLandingham
|
|
Batting: RHB Butch Huskey
|
0-0: Ball 1-0: Fly out, F8 (Flyball, 8LS, EV 90.0 MPH)
|
|
Batting: RHB Mike Bordick
|
0-0: Called Strike 0-1: Fly out, F8 (Flyball, 78D, EV 80.6 MPH)
|
|
Batting: LHB Delino DeShields
|
0-0: Called Strike 0-1: Foul Ball, location: 2F 0-2: Strikes out swinging
|
| Bottom of the 7th over - 0 runs, 0 hits, 0 errors, 0 left on base; Oakland 5 - Arizona 4 |
| TOP OF THE 8TH |
|
Oakland Athletics batting - Pitching for Arizona Diamondbacks : LHP Pedro Martinez
|
|
Batting: RHB Benji Gil
|
0-0: Ground out 1-3 (Groundball, 13, EV 84.4 MPH)
|
|
Batting: RHB Rickey Henderson
|
0-0: Foul Ball, location: 2F 0-1: Ball 1-1: Foul Ball, location: 2F 1-2: Strikes out swinging
|
|
Batting: SHB Geronimo Pena
|
0-0: Ball 1-0: Ball 2-0: Called Strike 2-1: Ground out 4-3 (Groundball, 4S, EV 88.8 MPH)
|
| Top of the 8th over - 0 runs, 0 hits, 0 errors, 0 left on base; Oakland 5 - Arizona 4 |
| BOTTOM OF THE 8TH |
|
Arizona Diamondbacks batting - Pitching for Oakland Athletics : RHP William VanLandingham
|
|
Batting: RHB Lance Blankenship
|
0-0: Ball 1-0: Called Strike 1-1: Fly out, F8 (Line Drive, 8LM, EV 98.1 MPH)
|
|
Batting: RHB Moises Alou
|
0-0: Called Strike 0-1: Ball 1-1: Ball 2-1: Ball 3-1: Base on Balls
|
|
Batting: RHB Bobby M Estalella
|
0-0: Ball Moises Alou is caught stealing 2nd base 2-4 1-0: Ball 2-0: Ball 3-0: Called Strike 3-1: Fly out, F8 (Line Drive, 8LD, EV 91.3 MPH)
|
| Bottom of the 8th over - 0 runs, 0 hits, 0 errors, 0 left on base; Oakland 5 - Arizona 4 |
| TOP OF THE 9TH |
|
Oakland Athletics batting - Pitching for Arizona Diamondbacks : LHP Pedro Martinez
|
|
Batting: LHB John Olerud
|
0-0: Ball 1-0: Fly out, F7 (Line Drive, 7, EV 95.6 MPH)
|
|
Batting: RHB Jay Buhner
|
0-0: Called Strike 0-1: SOLO HOME RUN (Flyball, 7D, EV 90.0 MPH), Distance : 370 ft
|
|
Batting: RHB Herbert Perry
|
0-0: Called Strike 0-1: Ball 1-1: Ball 2-1: Fly out, F7 (Flyball, 7LD, EV 100.6 MPH)
|
|
Batting: RHB Benito Santiago
|
0-0: Ball 1-0: Ground out 5-3 (Groundball, 56, EV 92.5 MPH)
|
| Top of the 9th over - 1 run, 1 hit, 0 errors, 0 left on base; Oakland 6 - Arizona 4 |
| BOTTOM OF THE 9TH |
|
Arizona Diamondbacks batting - Pitching for Oakland Athletics : RHP William VanLandingham
|
|
Pitching: RHP Jason Bere
|
|
|
Batting: LHB Mike Greenwell
|
0-0: Called Strike 0-1: Foul Ball, location: 2F 0-2: Hit by Pitch
|
|
Batting: LHB Mark Grace
|
0-0: Foul Ball, location: 2F 0-1: SINGLE (Groundball, 4D, EV 100.6 MPH) Mike Greenwell to second Mike Greenwell to third
|
|
Batting: LHB Robin Ventura
|
0-0: Ball 1-0: Foul Ball, location: 2F 1-1: Swinging Strike 1-2: Ball 2-2: Ball 3-2: Foul Ball, location: 2F 3-2: Base on Balls Mark Grace to second
|
|
Batting: RHB Butch Huskey
|
0-0: Called Strike 0-1: Fly out, F9 (Flyball, 9LS, EV 83.8 MPH)
|
|
Pinch Hitting: LHB Tony Gwynn
|
0-0: Called Strike 0-1: Ball 1-1: DOUBLE (Flyball, 78D, EV 106.3 MPH) Mike Greenwell scores Mark Grace scores Robin Ventura to third Runner from 3rd tries for Home, SAFE, no throw by CF
|
 |
|
Wednesday, February 25th, 2026 - OOTP Baseball 20.8 Build 74
|
|